 Dungeon Crawl Stone Soup version 0.28.0-47-ge53b351184 (webtiles) character file.

Game seed: 4958953687083045989

404 MrIGI the Covert (level 6, -8/27 (28) HPs)
             Began as a Spriggan Chaos Knight on May 9, 2022.
             Was a Plaything of Xom.
             Mangled by a faun (shapeshifter) (26 damage)
             ... led by Robin
             ... on level 2 of the Dungeon.
             The game lasted 00:15:54 (3238 turns).

MrIGI the Covert (Spriggan Chaos Knight)            Turns: 3238, Time: 00:15:55

HP:   -8/27 (28)    AC:  4    Str:  8    XL:     6   Next: 56%
MP:   7/7           EV: 18    Int: 13    God:    Xom [...*..]
Gold: 105           SH:  0    Dex: 17    Spells: 5/5 levels left

rFire   . . .      SeeInvis +   a - +0 short sword (chaos)
rCold   . . .      Faith    .   (no shield)
rNeg    . . .      Spirit   .   b - +2 robe
rPois   .          Reflect  .   (helmet restricted)
rElec   .          Harm     .   (no cloak)
rCorr   .          Rampage  .   (gloves unavailable)
Will    +....                   (boots unavailable)
Stlth   +++++.....              (no amulet)
HPRegen 0.09/turn               (no ring)
MPRegen 0.10/turn               (no ring)

@: lightly drained, very quick
A: very small, no large weapons, unfitting armour, see invisible, speed 3, frail
1, noise suppression
a: Renounce Religion


You were on level 2 of the Dungeon.
You worshipped Xom.
You were a favourite toy of Xom.
You visited 1 branch of the dungeon, and saw 2 of its levels.

You collected 105 gold pieces.

Inventory:

Hand Weapons
 a - a +0 short sword of chaos (weapon)
 d - a +4 dagger of draining
 k - a +1 short sword of venom
Missiles
 n - 7 arrows
Armour
 b - a +2 robe (worn)
 g - a +0 animal skin
 i - a +0 helmet
Wands
 o - a wand of flame (15)
Scrolls
 h - 2 scrolls of fear {unknown}
 l - a scroll of teleportation {unknown}
Potions
 c - a potion of brilliance {unknown}
 e - 2 potions of flight {unknown}
 f - 2 potions of berserk rage {unknown}
 j - a potion of haste {unknown}
 m - a potion of attraction {unknown}


   Skills:
 - Level 2.4 Fighting
 - Level 3.8 Short Blades
 - Level 3.6 Dodging
 * Level 10.0 Stealth


You had 5 spell levels left.
You didn't know any spells.
Your spell library contained the following spells:

 Spells                   Type           Power      Damage    Failure   Level
 Apportation              Tloc           0%         N/A       30%         1
 Corpse Rot               Necr/Air       0%         N/A       43%         2
 Dispel Undead            Necr           0%         3d6       97%         4
 Alistair's Intoxication  Tmut/Pois      0%         N/A       100%        5
 Death Channel            Necr           0%         N/A       100%        6


Dungeon Overview and Level Annotations

Branches:
Dungeon (2/15)

Altars:
Xom


Innate Abilities, Weirdness & Mutations

You are very small and have problems with some larger weapons.
You are too small for most types of armour.
You have supernaturally acute eyesight. (SInv)
You cover ground extremely quickly. (Speed+++)
You are frail. (-10% HP)
You passively dampen the noise of your surroundings.


Message History

You have reached level 6!
o - a wand of flame (15)
You see here a +0 robe.
p - a +0 robe
Okay, then.
You drop a +0 leather armour.
You drop a +0 robe.
You drop a +0 dagger.
You drop a +0 pair of gloves.
There is a stone staircase leading down here.
There is an open door here.
Things that are here:
a +0 dagger; a +0 club Robin shouts!
You hit Robin. Lightning courses through Robin!
Robin is almost dead.
Robin hits you but does no damage.
You feel drained.
You hit Robin but do no damage. Lightning courses through Robin!
You kill Robin!
Your Stealth skill increases to level 10!
Things that are here:
a +4 dagger of draining; a +0 animal skin; a +0 helmet
d - a +4 dagger of draining;
g - a +0 animal skin;
i - a +0 helmet A goblin comes into view.
It is wielding a +0 dagger.
A faun and a goblin come into view.
The goblin shouts!
The faun shouts!
The goblin shouts!
You hit the faun.
The faun is lightly wounded.
The faun hits you!
A shower of butterflies erupts from you!
You hit the faun.
The faun seems to grow stronger.
The faun is lightly wounded.
The faun barely misses you. The goblin closely misses you.
You barely miss the faun.
The faun is lightly wounded.
The faun hits you!!
Ouch! That really hurt!
You die...
Xom chuckles heartily!

*,#.#<...#.##.#
#..≈≈≈≈≈#. *
#.######.##.#####.≈≈≈≈≈#b
*,#.#....#.#....#
#..≈≈≈≈#. *
#...##.#.#....# ##..≈≈≈#.
* ######.#.#....#
##...≈#.
#####.....b#.##.###
###....
#...##.....bg##.### ####.
##♣.>.♣##..b...#....# ##
#.......#....g@b....#
#.>.♣†<.#....c##....#
#.......#....g##....#
##♣...♣##.....##....#
#...##......##...(#
##.##..############
#....## ######


You could see a faun (strong, ally target) and 3 goblins.

Vanquished Creatures
  Sigmund (D:2)
  A centaur skeleton (D:2)
  Natasha (thrice) (D:2)
  Terence (D:2)
  Robin (D:2)
  4 adders (D:2)
  3 worms (D:2)
  8 endoplasms
  4 giant cockroaches
  3 goblins (D:2)
  6 hobgoblins
  4 jackals (D:1)
  6 kobolds
  A quokka (D:1)
  6 ball pythons
  4 bats
  2 frilled lizards
  4 rats
  A spectral hobgoblin (D:1)
63 creatures vanquished.

Vanquished Creatures (collateral kills)
  A hobgoblin (D:2)
  2 frilled lizards (D:2)
  A rat (D:2)
4 creatures vanquished.

Grand Total: 67 creatures vanquished

Notes
Turn   | Place    | Note
-------+----------+-------------------------------------------
     0 | D:1      | MrIGI the Spriggan Chaos Knight began the quest for the
                  | Orb.
     0 | D:1      | Reached XP level 1. HP: 11/11 MP: 2/2
   104 | D:1      | XOM: potion effect (heal wounds)
   120 | D:1      | Reached skill level 1 in Stealth
   227 | D:1      | Found a faded altar of an unknown god.
   281 | D:1      | Reached XP level 2. HP: 12/16 MP: 3/3
   590 | D:1      | XOM: butterfly on damage
   592 | D:1      | Reached skill level 2 in Stealth
   784 | D:1      | XOM: confuse monster(s)
  1301 | D:1      | Reached XP level 3. HP: 19/19 MP: 4/4
  1407 | D:2      | Noticed Natasha
  1408 | D:2      | Killed Natasha
  1409 | D:2      | Reached skill level 4 in Stealth
  1410 | D:2      | XOM: enchant monster (good)
  1464 | D:2      | Noticed Natasha
  1473 | D:2      | Killed Natasha
  1474 | D:2      | Reached skill level 5 in Stealth
  1474 | D:2      | Reached XP level 4. HP: 20/23 MP: 5/5
  1649 | D:2      | Noticed Robin
  1685 | D:2      | Noticed a shapeshifter
  1685 | D:2      | a hobgoblin changed into a shapeshifter
  1685 | D:2      | XOM: polymorph hobgoblin -> shapeshifter
  1685 | D:2      | Noticed a yaktaur
  1685 | D:2      | a shapeshifter changed into a yaktaur
  1691 | D:2      | XOM: divination: magic mapping
  1849 | D:2      | Noticed Natasha
  1866 | D:2      | Killed Natasha
  1867 | D:2      | Reached skill level 6 in Stealth
  1967 | D:2      | XOM: god gift: 20 gold pieces
  2141 | D:2      | Reached XP level 5. HP: 27/27 MP: 6/6
  2168 | D:2      | Noticed Terence
  2216 | D:2      | Killed Terence
  2217 | D:2      | Reached skill level 7 in Stealth
  2365 | D:2      | Noticed Sigmund
  2376 | D:2      | XOM: butterfly on damage
  2662 | D:1      | XOM: give mutations
  2662 | D:1      | Gained mutation: You are frail. (-10% HP) [Xom's mischief]
  2662 | D:1      | Gained mutation: You passively dampen the noise of your
                  | surroundings. [Xom's mischief]
  2685 | D:2      | Found a shimmering altar of Xom.
  2870 | D:2      | Reached skill level 8 in Stealth
  2955 | D:2      | XOM: noise
  2964 | D:2      | XOM: divination: detect items
  3139 | D:2      | XOM: enchant monster (good)
  3147 | D:2      | Killed Sigmund
  3148 | D:2      | Reached skill level 9 in Stealth
  3148 | D:2      | Reached XP level 6. HP: 28/28 MP: 7/7
  3226 | D:2      | Killed Robin
  3227 | D:2      | Reached skill level 10 in Stealth
  3233 | D:2      | Noticed a faun
  3236 | D:2      | XOM: butterfly on damage
  3238 | D:2      | Mangled by a faun (shapeshifter)

Illustrated notes

Levels and vault maps discovered:
D:1:      dpeg_arrival_stonehenge_8_columns, layout_basic,
          dreamdust_ecumenical_altar_drowned_temple
D:2:      minmay_angry_zag, layout_basic, basic_altar, grunt_decor_junction,
          grunt_ministairs_7, uniq_terence, uniq_sigmund, uniq_robin,
          uniq_natasha

Skill      XL: |  1  2  3  4  5  6 |
---------------+-------------------+-----
Stealth        | 1 2 5 6 9 10 | 10.0
Fighting       | |  2.4
Short Blades   | |  3.8
Dodging        | |  3.6

Action                   |  1- 3 |  4- 6 || total
-------------------------+-------+-------++-------
Melee: Short sword       |   113 |   127 ||   240
       Punch             |     2 |     1 ||     3
 Stab: Sleeping          |     4 |     7 ||    11
       Distracted        |       |     2 ||     2
       Petrifying        |       |     2 ||     2
       Paralysed         |       |     2 ||     2
       Confused          |       |     1 ||     1
Armor: Robe              |    20 |    17 ||    37
Dodge: Dodged            |    75 |    85 ||   160
